 Dungeon Sprint DCSS version 0.28.0-53-g5a82cb258f (webtiles) character file.

Game seed: 14558172821874751190

940 Zeld the Transmogrifier (level 8, -3/73 HPs)
             Began as an Octopode Transmuter on June 7, 2022.
             Slain by a vampire mosquito (7 damage)
             ... in the Dungeon (Sprint II: "The Violet Keep of Menkaure").
             The game lasted 00:00:58 (1151 turns).

Zeld the Transmogrifier (Octopode Transmuter)       Turns: 1151, Time: 00:00:59

Health: -3/73      AC:  7    Str: 11    XL:     8   Next: 12%
Magic:  19/22      EV: 10    Int: 13    God:
Gold:   486        SH:  0    Dex: 13    Spells: 17/27 levels left

rFire   x . .      SeeInvis .     - Unarmed
rCold   + + +      Faith    .   (shield currently unavailable)
rNeg    . . .      Spirit   .   (helmet currently unavailable)
rPois   +          Reflect  .   (no amulet)
rElec   .          Harm     .   (no ring)
rCorr   .          Rampage  .   (no ring)
Will    .....      NoTele   +   (no ring)
Stlth   +.........              (no ring)
HPRegen 0.22/turn               (no ring)
MPRegen 0.18/turn               (no ring)
                                (no ring)
                                (no ring)

@: ice-form
A: freezing attack, boosted hp, almost no armour, amphibious, 8 rings, large,
(camouflage 1), (gelatinous body 1), (nimble swimmer 1), (tentacles), dopey 1
a: End Transformation


You were in the Dungeon.
You were a creature of crystalline ice.
You visited 1 branch You collected 486 gold pieces.

Inventory:

Scrolls
 f - a scroll of blinking
Potions
 a - a potion of curing
 c - a potion of haste
 d - 2 potions of magic


   Skills:
 + Level 7.8 Fighting
 - Level 2.0 Dodging
 - Level 3.0 Unarmed Combat
 * Level 10.3 Spellcasting
 * Level 11.2 Transmutations


You had 17 spell levels left.
You knew the following spells:

 Your Spells              Type           Power      Damage    Failure   Level
a - Beastly Appendage     Tmut           70%        N/A       1%          1
b - Wereblood             Tmut           35%        N/A       1%          2
c - Spider Form           Tmut/Pois      21%        N/A       3%          3
d - Ice Form              Ice/Tmut       21%        N/A       11%         4

Your spell library contained the following spells:

 Spells                   Type           Power      Damage    Failure   Level


Dungeon Overview and Level Annotations

Branches:
Dungeon (1/1)

Altars:

Shops:
D ((:([[:


Innate Abilities, Weirdness & Mutations

You are a creature of crystalline ice.
You have a powerful freezing melee attack.
Your maximum health is increased.
Your armour is entirely melded.
You are incapable of wielding weapons or throwing items.
You cannot wear most types of armour.
You are amphibious.
You can wear up to eight rings at the same time.
((Your skin changes colour to match your surroundings (Stealth+).))
((Your rubbery body absorbs attacks. (AC +1, EV +1)))
((You are camouflaged when in or above water. (Stealth+)))
((You have tentacles for arms and can constrict up to eight enemies at once.))
You are dopey. (Int -2)


Message History

The vampire mosquito is severely damaged.
The vampire mosquito bites you.
* * * LOW HITPOINT WARNING * * *
The vampire mosquito draws strength from your injuries!
The vampire mosquito bites you!
* * * LOW HITPOINT WARNING * * *
The vampire mosquito draws strength from your injuries!
You feel much better. The vampire mosquito bites you.
The vampire mosquito draws strength from your injuries!
The vampire mosquito bites you!
* * * LOW HITPOINT WARNING * * *
The vampire mosquito draws strength from your injuries!
You hit the vampire mosquito. You freeze the vampire mosquito.
The vampire mosquito is heavily damaged.
The vampire mosquito bites you!
* * * LOW HITPOINT WARNING * * *
The vampire mosquito draws strength from your injuries!
The vampire mosquito bites you.
* * * LOW HITPOINT WARNING * * *
The vampire mosquito draws strength from your injuries!
You hit the vampire mosquito. You freeze the vampire mosquito.
The vampire mosquito is moderately damaged.
The vampire mosquito bites you but does no damage.
The vampire mosquito closely misses you.
Unknown command.
You closely miss the vampire mosquito.
The vampire mosquito is moderately damaged.
The vampire mosquito bites you.
* * * LOW HITPOINT WARNING * * *
The vampire mosquito draws strength from your injuries!
Unknown command.
You hit the vampire mosquito. You freeze the vampire mosquito.
The vampire mosquito is heavily damaged.
The vampire mosquito bites you.
* * * LOW HITPOINT WARNING * * *
The vampire mosquito draws strength from your injuries!
The vampire mosquito bites you but does no damage.
Unknown command.
The vampire mosquito bites you!
You die...

..∩ ∩#≈ ..#m. ..# .∩.∩.#≈
### .$. ###..## ∩.∩. #≈
#.###+###.##..#
.∩...#≈##..##.##...#..#
⌠....+≈+.##'.<.†##.'..###
.....#≈##..##.##...#....#
▓▓▓###≈##.###+###.##.....
#≈≈######.####≈≈....
##≈Y≈#..##.#≈≈≈§≈≈≈.
#y#≈##.$.##≈§≈≈≈≈≈≈
#[#≈≈##'##≈≈≈≈≈≈§≈≈
####≈≈≈≈≈≈≈≈≈≈≈§§≈≈
#+++#+++#≈≈≈≈§§≈
≈≈≈≈≈≈≈##≈≈≈###
≈≈≈≈°○○≈≈##§≈#
+≈≈≈≈≈8○≈≈≈≈+§≈#
##≈≈≈○≈≈≈≈≈## ≈≈≈


You could see a vampire mosquito.

Vanquished Creatures
  3 neqoxecs (D)
  4 necrophages (D)
  4 scorpions (D)
11 creatures vanquished.

Vanquished Creatures (others)
  A neqoxec (D)
  A water moccasin (D)
2 creatures vanquished.

Grand Total: 13 creatures vanquished

Notes
Turn   | Place    | Note
-------+----------+-------------------------------------------
     0 | D        | Zeld the Octopode Transmuter began the quest for the Orb.
     0 | D        | Reached XP level 1. HP: 13/13 MP: 3/3
     1 | D        | Noticed a merfolk siren
     5 | D        | Noticed a scorpion
     5 | D        | Noticed a scorpion
     5 | D        | Noticed a scorpion
     5 | D        | Noticed a scorpion
     9 | D        | Killed a scorpion
    10 | D        | Reached skill level 5 in Transmutations
    10 | D        | Reached XP level 2. HP: 21/21 MP: 2/7
    10 | D        | Reached XP level 3. HP: 26/26 MP: 2/9
    10 | D        | Reached XP level 4. HP: 31/31 MP: 2/10
    10 | D        | Killed a scorpion
    11 | D        | Reached skill level 5 in Spellcasting
    11 | D        | Reached skill level 6 in Transmutations
    11 | D        | Reached XP level 5. HP: 37/37 MP: 2/13
    13 | D        | Reached skill level 7 in Transmutations
    17 | D        | Reached skill level 5 in Fighting
    17 | D        | Reached XP level 6. HP: 45/45 MP: 2/16
   101 | D        | Learned a level 2 spell: Wereblood
   105 | D        | Learned a level 3 spell: Spider Form
   110 | D        | Learned a level 4 spell: Ice Form
   121 | D        | Noticed a neqoxec
   121 | D        | Noticed a neqoxec
   126 | D        | Noticed a neqoxec
   128 | D        | Killed a neqoxec
   129 | D        | Reached skill level 8 in Transmutations
   131 | D        | Gained mutation: You are dopey. (Int -2) [a neqoxec]
   132 | D        | Killed a neqoxec
   133 | D        | Reached skill level 9 in Transmutations
   133 | D        | Reached XP level 7. HP: 53/53 MP: 14/19
   136 | D        | Killed a neqoxec
   137 | D        | Reached skill level 10 in Transmutations
   180 | D        | Killed a neqoxec
   656 | D        | Reached skill level 10 in Spellcasting
   661 | D        | Reached skill level 11 in Transmutations
   661 | D        | Reached XP level 8. HP: 61/61 MP: 18/22
   869 | D        | Noticed an ice statue
  1113 | D        | Found Eschuomn's Antique Armour Emporium.
  1114 | D        | Found Alef's Book Emporium.
  1114 | D        | Found Epnan's Weapon Shoppe.
  1115 | D        | Found Olupt's Antique Weapon Shoppe.
  1115 | D        | Found Atucwom's Book Emporium.
  1115 | D        | Found Uthrerauw's Antique Weapon Shoppe.
  1116 | D        | Found Plog's Antique Armour Emporium.
  1145 | D        | HP: 1/73 [vampire mosquito (7)]
  1151 | D        | Slain by a vampire mosquito

Illustrated notes

Levels and vault maps discovered:
D:        the_violet_keep_of_menkaure [sprint2_stairs_cluster_1,
          sprint2_shoproom, sprint2_temple, sprint2_basic_supplies,
          sprint2_obstacle_2, sprint2_obstacle_5, sprint2_obstacle_1,
          sprint2_obstacle_3, sprint2_obstacle_7, sprint2_timed_cluster_1,
          sprint2_smallroom_cluster_1, sprint2_smallroom_final_cluster_1,
          sprint2_transparent_cluster_1, sprint2_second_timed_cluster_1,
          sprint2_sniper_area_1, sprint2_heavy_combat_area_1,
          sprint2_mutation_trap_area_1, sprint2_forest_area_1,
          sprint2_light_combat_area_1, sprint2_behind_water_1,
          sprint2_near_end_vault_1]

Skill      XL: |  1  2  3  4  5  6  7 |
---------------+----------------------+-----
Fighting       | 3 4 5 6 7 |  7.8
Spellcasting   | 4 5 7 8 10 | 10.3
Transmutations | 5 6 7 9 11 | 11.2
Dodging        | |  2.0
Unarmed Combat | |  3.0

Action                   |  1- 3 |  4- 6 |  7- 9 || total
-------------------------+-------+-------+-------++-------
Melee: Unarmed           |     2 |    15 |    50 ||    67
       Kick              |     1 |     3 |       ||     4
       Constrict         |     1 |     2 |       ||     3
       Punch             |       |     1 |       ||     1
       Tentacles         |       |     1 |       ||     1
 Cast: Beastly Appendage |     1 |       |       ||     1
       Ice Form          |       |     1 |     2 ||     3
       Spider Form       |       |       |     1 ||     1
 Abil: End Transformatio |       |       |     1 ||     1
  Use: Potion            |     1 |       |     1 ||     2
 Stab: Sleeping          |       |       |     1 ||     1
Armor: Skin              |     1 |     1 |    14 ||    16
Dodge: Dodged            |     2 |     4 |    36 ||    42
